 Dungeon Crawl Stone Soup version 0.23.2-1-ga50397a (webtiles) character file.

Game seed: 7931122277011965545

23 goulibeur the Unweaver (level 2, 0/24 HPs)
             Began as a Demonspawn Abyssal Knight on May 17, 2019.
             Was a Follower of Lugonu.
             Succumbed to an adder's poison
             ... on level 2 of the Dungeon.
             The game lasted 00:05:40 (990 turns).

goulibeur the Unweaver (Demonspawn Abyssal Knight)   Turns: 990, Time: 00:05:41

Health: 0/24       AC:  8    Str: 12    XL:     2   Next: 72%
Magic:  4/4        EV:  5    Int: 13    God:    Lugonu [*.....]
Gold:   51         SH:  0    Dex: 12    Spells: 1/1 levels left

rFire    . . .     SeeInvis .   o - -2 spear (curse)
rCold    . . .     Gourm    .   (no shield)
rNeg     . . .     Faith    .   j - +0 chain mail (curse)
rPois    .         Spirit   .   (helmet restricted)
rElec    .         Reflect  .   (no cloak)
rCorr    .         Harm     .   (no gloves)
MR       .....                  (no boots)
Stlth    ..........             (no amulet)
HPRegen  0.08/turn              (no ring)
MPRegen  0.09/turn              (no ring)

@: lethally poisoned (0 -> -12)
A: horns 1
a: Depart the Abyss, Renounce Religion


You were on level 2 of the Dungeon.
You worshipped Lugonu.
Lugonu was aware of your devotion.
You were not hungry.

You visited 1 branch of the dungeon, and saw 2 of its levels.
You visited the Abyss 1 time.

You collected 51 gold pieces.

Inventory:

Hand Weapons
 a - a +2 short sword
 o - a cursed -2 spear (weapon)
Armour
 b - a +0 leather armour
 f - a +1 ring mail
 g - a cursed +0 helmet
 j - a cursed +0 chain mail (worn)
Scrolls
 e - a scroll of identify {unknown}
 k - a scroll of remove curse {unknown}
Potions
 d - a potion of ambrosia {unknown}
 i - 2 potions of curing {unknown}
 p - a potion of degeneration {unknown}
Comestibles
 c - 4 rations
 h - 2 chunks of flesh


   Skills:
 + Level 3.2 Fighting
 - Level 1.7 Short Blades
 + Level 2.0 Armour
 + Level 1.3 Dodging
 * Level 3.3 Invocations


You had one spell level left.
You didn't know any spells.
Your spell library was empty.

Dungeon Overview and Level Annotations

Branches:
Dungeon (2/15)

Altars:


Innate Abilities, Weirdness & Mutations

You have a pair of small horns on your head.


Message History

You closely miss the adder.
The adder is heavily wounded.
* * * LOW HITPOINT WARNING * * *
You feel sick. The adder bites you.
* * * LOW HITPOINT WARNING * * *
You closely miss the adder. Your headbutt misses the adder.
The adder is heavily wounded.
* * * LOW HITPOINT WARNING * * *
You feel sick. The adder bites you but does no damage.
You hit the adder but do no damage.
The adder is heavily wounded.
* * * LOW HITPOINT WARNING * * *
You feel sick. The adder bites you but does no damage. The adder bites you.
* * * LOW HITPOINT WARNING * * *
You are more poisoned.
The adder poisons you!
Unknown command.
You hit the adder.
The adder is heavily wounded.
You die...

*,,,,,,* #.....#######..
*,,,,,,* #......# #####
*,,,,,,* ####...####....
*,,,*+**#####...........
**#,*,,,#...............
###.,,*,#.###..#........
#....,,<#.# #..#........
#.....###.# #..#........
#.....S@..#*#...........
#.....#####*....##.....#
#....,* *....##.....#
#...,,* *,...#*,,,,,*
#..,,,******,,,,,,,,,,,,
#.,,,,**,,,,,,,,,,,,,,**
#,,,,,**,,,,,,,,,,,,,,,,
*,,,,,**,,,,,,,,,,,,,,,,
********,,,,,,,,,,,,,,,,


You could see an adder.

Vanquished Creatures
  An ooze (D:1)
  A dart slug (D:1)
  3 bats
  A giant cockroach (D:1)
  3 goblins (D:1)
  2 hobgoblins (D:2)
  2 kobolds (D:1)
  A frilled lizard (D:1)
  2 rats (D:1)
16 creatures vanquished.

Notes
Turn   | Place    | Note
-------+----------+-------------------------------------------
     0 | Abyss:1  | goulibeur the Demonspawn Abyssal Knight began the quest for
                  | the Orb.
     0 | Abyss:1  | Reached XP level 1. HP: 18/18 MP: 2/2
    37 | Abyss:1  | Found a corrupted altar of Lugonu.
    84 | Abyss:1  | Noticed a sixfirhy
    94 | Abyss:1  | Noticed a neqoxec
    96 | D:1      | Escaped the Abyss
   158 | D:1      | Reached skill level 1 in Dodging
   175 | D:1      | Reached * piety under Lugonu
   418 | D:1      | Gained mutation: You have a pair of small horns on your
                  | head. [demonic ancestry]
   418 | D:1      | Reached XP level 2. HP: 22/24 MP: 4/4
   989 | D:2      | HP: 1/24 [adder (1)]
   990 | D:2      | Succumbed to an adder's poison

Skill      XL: |  1  2 |
---------------+-------+-----
Dodging        | 1 |  1.3
Armour         | 2 |  2.0
Invocations    | 3 |  3.3
Fighting       | |  3.2
Short Blades   | |  1.7

Action                   || total
-------------------------++-------
Melee: Short sword       ||    45
       Spear             ||    16
       Headbutt          ||     5
Invok: Depart the Abyss  ||     1
  Use: Scroll            ||     7
Armor: Ring mail         ||    17
       Chain mail        ||    10
Dodge: Dodged            ||    25
